 Dungeon Crawl Stone Soup version 0.21.1-1-g345015f (webtiles) character file.

62 Mirai the Sneak (level 4, -7/21 HPs)
             Began as a Kobold Enchanter on Apr 27, 2018.
             Killed by nerve-wracking pain
             ... invoked by Grinder
              (12 damage)
             ... on level 3 of the Dungeon.
             The game lasted 00:03:26 (1519 turns).

Mirai the Sneak (Kobold Enchanter)                  Turns: 1519, Time: 00:03:28

Health: -7/21      AC:  5    Str:  4 (5)  XL:     4   Next: 28%
Magic:  8/8        EV: 21    Int: 13 (16) God:
Gold:   83         SH:  0    Dex: 22 (23) Spells: 5/8 levels left

rFire    . . .     SeeInvis .   a - +1 dagger
rCold    . . .     Gourm    .   (shield restricted)
rNeg     . . .     Faith    .   b - +0 robe
rPois    .         Spirit   .   (no helmet)
rElec    +         Reflect  .   f - +1 cloak
rCorr    .         Harm     .   (no gloves)
MR       .....                  t - +0 pair of boots
Stlth    +++++.....             (no amulet)
HPRegen  0.07/turn              (no ring)
MPRegen  0.11/turn              (no ring)

@: agile, flying
A: small, camouflage 1, agile 1, carnivore, frail 1, electricity resistance
a: no special abilities


You were on level 3 of the Dungeon.
You were completely stuffed.

You visited 1 branch of the dungeon, and saw 3 of its levels.

You collected 83 gold pieces.

Inventory:

Hand Weapons
 a - a +1 dagger (weapon)
Armour
 b - a +0 robe (worn)
 f - a +1 cloak (worn)
 t - a +0 pair of boots (worn)
Wands
 p - a wand of polymorph (16)
Scrolls
 h - a scroll of fog {unknown}
 i - 5 scrolls of identify {unknown}
 j - 4 scrolls of immolation {unknown}
 k - a scroll of fear {unknown}
 l - a scroll of noise {unknown}
 n - a scroll of enchant armour {unknown}
 r - a scroll of magic mapping {unknown}
Potions
 e - 2 potions of mutation
 g - a potion of agility
 o - a potion of berserk rage {unknown}
 s - a potion of invisibility {unknown}
Books
 c - a book of Maledictions

   Spells                             Type                      Level
   a - Corona                         Hexes                        1
   b - Ensorcelled Hibernation        Hexes/Ice                    2
   c - Confuse                        Hexes                        3
   d - Tukima's Dance                 Hexes                        3
   e - Dazzling Spray                 Conjuration/Hexes            3
 u - a book of Necromancy

   Spells                             Type                      Level
   a - Pain                           Necromancy                   1
   b - Animate Skeleton               Necromancy                   1
   c - Vampiric Draining              Necromancy                   3
   d - Regeneration                   Charms/Necromancy            3
   e - Animate Dead                   Necromancy                   4
   f - Borgnjor's Vile Clutch         Necromancy/Earth             5
Comestibles
 d - 6 rations


   Skills:
 + Level 2.5 Short Blades
 + Level 3.1 Dodging
 + Level 4.6 Stealth
 + Level 2.7 Spellcasting
 + Level 3.4 Hexes


You had 5 spell levels left.
You knew the following spells:

 Your Spells              Type           Power        Failure   Level  Hunger
a - Corona                Hex            ##.....      6%          1    #......
b - Ensorcelled Hibernat  Hex/Ice        #.....       19%         2    ###....


Dungeon Overview and Level Annotations

Branches:
Dungeon (3/15)

Altars:
Ashenzari
Hepliaklqana
Nemelex Xobeh
Okawaru
Qazlal
Ru
Sif Muna
Vehumet
Xom
Yredelemnul
The Shining One

Annotations:
D:3 Grinder, Natasha


Innate Abilities, Weirdness & Mutations

You are small and have problems with some larger weapons.
You are carnivorous and can eat meat at any time.
Your skin changes colour to match your surroundings (Stealth+).
You are agile. (Dex +2)
You are frail. (-10% HP)
You are resistant to electric shocks. (rElec)


Message History

It was a potion of mutation.
You feel extremely strange.
You feel agile.
You feel insulated.
You feel frail.
Your skin functions as natural camouflage.
Unknown command.
Unknown command.
It was a potion of agility.
You feel agile all of a sudden.
It was a potion of flight.
You feel very buoyant.
You fly up into the air.
Grinder gestures at you. You resist with significant effort.
It was a potion of degeneration.
There was something very wrong with that liquid.
You feel weakened.
You feel dopey.
You feel clumsy.
The crimson imp blinks!
Grinder gestures at you. Pain shoots through your body!
Ouch! That really hurt!
You die...

#.# #.#.## ##.##
#.# #.#.# #. # #.#
#.#.# #[# ####.#
#.#.# #.# .....#
#.#.# #.#
####.#########.#.#
#. #
#...........#.# ##
#.###########.#
#.# #@# #.# #.#
#.# #5# #.# #h#
#.# #.# #.
#55.....h
########.


You could see Grinder, Natasha, a crimson imp and a white imp.

Vanquished Creatures
  2 adders (D:3)
  2 worms (D:3)
  A leopard gecko (D:1)
  A ball python (D:1)
  4 bats
  4 giant cockroaches
  5 goblins
  5 hobgoblins
  A quokka (D:3)
  6 kobolds
  2 rats
33 creatures vanquished.

Notes
Turn   | Place    | Note
-------+----------+-------------------------------------------
     0 | D:1      | Mirai the Kobold Enchanter began the quest for the Orb.
     0 | D:1      | Reached XP level 1. HP: 10/10 MP: 3/3
   196 | D:1      | Reached XP level 2. HP: 11/15 MP: 5/5
   205 | D:1      | Learned a level 2 spell: Ensorcelled Hibernation
   863 | D:2      | Found a shimmering altar of Xom.
  1012 | D:2      | Reached XP level 3. HP: 16/19 MP: 6/6
  1087 | D:2      | Found a basalt altar of Yredelemnul.
  1093 | D:2      | Found a glowing golden altar of the Shining One.
  1095 | D:2      | Found a stormy altar of Qazlal.
  1095 | D:2      | Found a hazy altar of Hepliaklqana.
  1095 | D:2      | Found a shattered altar of Ashenzari.
  1095 | D:2      | Found a deep blue altar of Sif Muna.
  1096 | D:2      | Found an iron altar of Okawaru.
  1107 | D:2      | Found a sparkling altar of Nemelex Xobeh.
  1108 | D:2      | Found a radiant altar of Vehumet.
  1116 | D:2      | Found a sacrificial altar of Ru.
  1363 | D:3      | Reached XP level 4. HP: 18/24 MP: 2/7
  1499 | D:3      | Noticed Grinder
  1503 | D:3      | Noticed Natasha
  1516 | D:3      | Gained mutation: You are agile. (Dex +2) [potion of mutation]
  1516 | D:3      | Gained mutation: You are resistant to electric shocks. (rElec) [potion of mutation]
  1516 | D:3      | Gained mutation: You are frail. (-10% HP) [potion of mutation]
  1516 | D:3      | Gained mutation: Your skin changes colour to match your surroundings (Stealth+). [potion of mutation]
  1519 | D:3      | Killed from afar by Grinder

Skill      XL: |  1  2  3 |
---------------+----------+-----
Short Blades   | 2 |  2.5
Dodging        | 3 |  3.1
Stealth        | |  4.6
Spellcasting   | |  2.7
Hexes          | |  3.4

Action                   |  1- 3 |  4- 6 || total
-------------------------+-------+-------++-------
Melee: Dagger            |   141 |    21 ||   162
 Cast: Ensorcelled Hiber |     6 |       ||     6
       Corona            |     1 |       ||     1
  Use: Potion            |       |     4 ||     4
 Stab: Sleeping          |    11 |     1 ||    12
       Distracted        |     1 |       ||     1
  Eat: Chunk             |     9 |     2 ||    11
Armor: Robe              |    37 |     3 ||    40
Dodge: Dodged            |   128 |    16 ||   144
